 Dungeon Crawl Stone Soup version 0.24.0-13-gcf9b3192b9 (webtiles) character file.

Game seed: 16825439192877273826, levelgen mode: deterministic

59140 Esekla the Thaumaturge (level 14, 0/72 HPs)
             Began as a Vine Stalker Wizard on Nov 10, 2019.
             Was a High Priest of Vehumet.
             Slain by a minotaur
             ... wielding the cursed +0 dagger "Kez Ram" {elec, *Drain rC+ Dex+3}
              (8 damage)
             ... in a Gauntlet.
             The game lasted 05:37:57 (23978 turns).

Esekla the Thaumaturge (Vine Stalker Wizard)       Turns: 23978, Time: 05:37:58

Health: 0/72       AC: 13    Str: 15    XL:     14   Next: 93%
Magic:  0/29       EV: 14    Int: 21    God:    Vehumet [*****.]
Gold:   627        SH: 11    Dex: 10    Spells: 6/34 levels left

rFire    . . .     SeeInvis +   a - +6 falchion (flame)
rCold    . . .     Gourm    .   Z - +6 buckler "Miluc" {Regen+}
rNeg     . . .     Faith    .   T - +2 troll leather armour
rPois    .         Spirit   +   f - +0 helmet
rElec    +         Reflect  .   t - scarf {cloud immunity}
rCorr    .         Harm     .   y - +2 pair of gloves {archery}
MR       +....     NoTele   +   Q - +1 pair of boots
Stlth    ++........             (no amulet)
HPRegen  1.82/turn              M - ring of see invisible
MPRegen  0.21/turn              l - ring of Dory {+Blink rElec Str+5 Dex-5 Slay+3}

@: no status effects
A: fangs 3, regeneration 2, magic shield, antimagic bite, no potion heal 3, rot
immunity
a: Renounce Religion, Evoke Blink


You were in a Gauntlet.
You worshipped Vehumet.
Vehumet was extremely pleased with you.
You were not hungry.

You visited 5 branches of the dungeon, and saw 21 of its levels.
You also visited: Gauntlet and Ice Cave.

You collected 1555 gold pieces.
You spent 928 gold pieces at shops.

Inventory:

Hand Weapons
 a - a +6 falchion of flaming (weapon)
 e - a +3 falchion of electrocution
 s - a +4 dagger
 v - a +3 dagger of venom
 w - the +11 trident "Qestulo" {freeze, rPois Str+10 Dex-4 Stlth-}
   (You found it on level 3 of the Lair of Beasts)

   It has been specially enchanted to freeze those struck by it, causing extra
   injury to most foes and up to half again as much damage against particularly
   susceptible opponents.
   It can also slow down cold-blooded creatures.
   It affects your strength (+10).
   It affects your dexterity (-4).
   It protects you from poison.
   It makes you less stealthy.
Missiles
 p - 30 poisoned darts
 u - 11 javelins
 D - 45 boomerangs (quivered)
 P - 8 boomerangs of dispersal
Armour
 f - a +0 helmet (worn)
 t - a scarf of cloud immunity (worn)
 y - a +2 pair of gloves of archery (worn)
 K - the +0 robe of Quotry {MR+++ Int-4 Dex+6 Stlth+}
   (You found it on level 8 of the Dungeon)

   It affects your intelligence (-4).
   It affects your dexterity (+6).
   It affects your resistance to hostile enchantments.
   It makes you more stealthy.
 Q - a +1 pair of boots (worn)
 T - a +2 troll leather armour (worn)
 Y - a +3 ring mail of fire resistance
 Z - the +6 buckler "Miluc" (worn) {Regen+}
   (You bought it in a shop on level 8 of the Dungeon)

   It increases your rate of regeneration.
Jewellery
 l - the ring of Dory (right hand) {+Blink rElec Str+5 Dex-5 Slay+3}
   (You found it on level 8 of the Dungeon)

   [ring of slaying]

   It affects your strength (+5).
   It affects your dexterity (-5).
   It affects your accuracy and damage with ranged weapons and melee attacks
   (+3).
   It insulates you from electricity.
   It lets you blink.
 z - an uncursed ring of ice
 B - an uncursed ring of protection from fire
 F - a +4 ring of evasion
 M - a ring of see invisible (left hand)
Wands
 m - a wand of digging (7)
 r - a wand of enslavement (6)
 x - a wand of disintegration (24)
 A - a wand of random effects (13)
 I - a wand of acid (5)
 R - a wand of polymorph (13)
 X - a wand of iceblast (10)
Scrolls
 b - 3 scrolls of identify
 c - 2 scrolls of fog
 g - 2 scrolls of teleportation
 k - 13 scrolls of remove curse
 n - a scroll of blinking
 o - a scroll of silence
 q - 3 scrolls of brand weapon
 E - 2 scrolls of fear
 N - a scroll of amnesia
 O - 3 scrolls of magic mapping
Potions
 h - 3 potions of haste
 i - 2 potions of berserk rage
 j - a potion of mutation
 G - a potion of curing
 J - 4 potions of lignification
 V - a potion of flight
 W - 2 potions of brilliance
Miscellaneous
 C - a lightning rod (4/4)
 S - a lightning rod (4/4)
Comestibles
 d - 29 rations


   Skills:
 * Level 7.7 Fighting
 + Level 5.3(6.2) Short Blades
 * Level 4.9(6.0) Long Blades
 + Level 3.9(4.0) Polearms
   Level 1.1(2.7) Staves
 + Level 5.9 Throwing
 + Level 5.2 Armour
 + Level 5.6 Dodging
 - Level 3.2 Stealth
 + Level 7.2 Shields
 * Level 10.6 Spellcasting
 + Level 7.2 Conjurations
 + Level 6.3 Charms
   Level 1.0 Summonings
 + Level 3.9 Necromancy
 + Level 3.3 Translocations
 * Level 0.7 Transmutations
 * Level 5.0 Fire Magic
 + Level 5.8 Air Magic
 + Level 7.0 Poison Magic
 + Level 0.8 Evocations


You had 6 spell levels left.
You knew the following spells:

 Your Spells              Type           Power        Failure   Level  Hunger
a - Magic Dart            Conj           ####         1%          1    None
b - Blink                 Tloc           N/A          2%          2    None
c - Mephitic Cloud        Conj/Pois/Air  #####...     1%          3    None
d - Swiftness             Chrm/Air       #####...     1%          2    None
e - Lightning Bolt        Conj/Air       #####.....   4%          5    ####...
f - Conjure Flame         Conj/Fire      #####...     1%          3    None
g - Regeneration          Chrm/Necr      ####......   2%          3    None
h - Airstrike             Air            #####.....   1%          4    ##.....
i - Irradiate             Conj/Tmut      ####......   11%         5    ####...

Your spell library contained the following spells:

 Spells                   Type           Power        Failure   Level  Hunger
 Animate Skeleton         Necr           N/A          1%          1    None
 Pain                     Necr           ####         1%          1    None
 Shock                    Conj/Air       ####         1%          1    None
 Static Discharge         Conj/Air       #####...     1%          3    None
 Vampiric Draining        Necr           ####......   4%          3    None
 Gell's Gravitas          Tloc           ####......   5%          3    None
 Call Imp                 Summ           ###.....     7%          2    None
 Confusing Touch          Hex            ##....       8%          1    None
 Slow                     Hex            ##......     11%         2    None
 Animate Dead             Necr           N/A          14%         4    ##.....
 Confuse                  Hex            ##......     22%         3    None
 Yara's Violent Unravell  Hex/Tmut       ##........   38%         5    ####...
 Petrify                  Tmut/Erth      ##......     52%         4    ##.....
 Summon Ice Beast         Ice/Summ       ##......     52%         4    ##.....
 Metabolic Englaciation   Hex/Ice        ##........   90%         5    ####...
 Spellforged Servitor     Conj/Summ      ####......   93%         7    #######
 Ignition                 Fire           ####......   100%        8    #######


Dungeon Overview and Level Annotations

Branches:
Dungeon (13/15)            Temple (1/1) D:7            Lair (4/6) D:10
  Swamp (1/4) Lair:3       Spider (0/4) Lair:4          Orc (2/2) D:11
    Elf (0/3) Orc:2        Vaults (0/5) D:13          IceCv (visited)
Gauntlet (1/1)

Altars:
Ashenzari
Cheibriados
Dithmenos
Elyvilon
Fedhas
Gozag
Hepliaklqana
Kikubaaqudgha
Makhleb
Nemelex Xobeh
Okawaru
Qazlal
Ru
Sif Muna
Trog
Uskayaw
Vehumet
Wu Jian
Xom
Yredelemnul
Zin
The Shining One
Beogh

Shops:
D:4 *   D:8 *   D:11 *[(   D:13 :   Orc:2 %*!?:[}(

Portals:
Pandemonium: Orc:2

Annotations:
Lair:2 2 transporters, p0werm0de's ghost, journeyman DDFi
Lair:3 exclusion: oklob plant Gauntlet 10 transporters


Innate Abilities, Weirdness & Mutations

You have razor-sharp teeth.
You heal very quickly.
When hurt, damage is shared between your health and your magic reserves.
Your bite disrupts and absorbs the magic of your enemies.
Potions cannot restore your health.
You are immune to rotting.


Message History

The minotaur is heavily wounded.
The minotaur seems less confused.
You block the minotaur's attack. x3
The minotaur gores you but does no damage.
Casting: Mephitic Cloud (safe; 1% risk of failure)
Confirm with . or Enter, or press ? or * to list all spells.
Okay, then.
You hit the minotaur. You burn the minotaur.
You bite the minotaur, but do no damage.
The minotaur is heavily wounded.
You block the minotaur's attack. The minotaur gores you!!
Okay, then.
Casting: Mephitic Cloud (safe; 1% risk of failure)
Confirm with . or Enter, or press ? or * to list all spells.
You blink.
You block the minotaur's attack.
The minotaur gores you but does no damage.
The minotaur hits you with the cursed +0 dagger "Kez Ram" {elec, *Drain rC+ Dex+3}!!!
Ouch! That really hurt!
* * * LOW HITPOINT WARNING * * *
The minotaur gores you!
You die...

##+### #.(..#
#.§(⌠+ +(.(.#
#.(∩.# ##H###
######@#######
#.............#
#.###.###.###.#
#.............#
##.###.###.###
#####.###.###.###
#≈...............
###
#8.8.8.8.8.8.8.8.
### #8#
#≈...............
#8#


You could see a minotaur (berserk).

Vanquished Creatures
  A sphinx (D:13)
  An ettin (D:13)
  5 hydras
  5 two-headed ogres
  2 centaur warriors (D:13)
  A deep troll earth mage (D:13)
  7 orc high priests (Orc:2)
  A skeletal warrior (D:12)
  Sonja (Lair:3)
  A deep elf knight (D:13)
  2 gelid demonspawn (Orc:2)
  2 unseen horrors
  7 orc knights
  4 orc sorcerers (Orc:2)
  A necromancer (IceCv)
  4 deep elf magi (D:13)
  3 cyclopes
  An ugly thing (D:8)
  A centaur zombie (D:12)
  A black mamba (Lair:2)
  An orange demon (Orc:2)
  2 gargoyles
  4 ice statues (IceCv)
  4 spiny frogs
  3 komodo dragons
  2 rime drakes (Orc:1)
  A kobold demonologist (D:11)
  5 ice devils (IceCv)
  2 trolls
  A meliai (shapeshifter) (D:8)
  2 tyrant leeches
  9 hippogriffs
  3 blink frogs (Lair:3)
  5 slime creatures
  32 yaks
  A wraith (D:11)
  2 basilisks
  Grum (D:11)
  2 wyverns (D:12)
  A vampire mosquito (D:13)
  A chaos spawn (Orc:1)
  2 hungry ghosts (D:9)
  9 wargs
  4 swamp worms
  6 porcupines
  3 water moccasins
  37 orc warriors
  A swamp drake (D:11)
  2 ice beasts
  6 sky beasts
  A black bear (D:6)
  A phantom (D:7)
  9 centaurs
  8 wolves
  15 ogres
  7 crocodiles
  Blork the orc (D:4)
  20 big kobolds
  13 bullfrogs
  4 scorpions
  2 wyvern skeletons
  A water moccasin skeleton (D:5)
  4 killer bees (D:8)
  3 wights (D:11)
  2 electric eels (Lair:3)
  8 howler monkeys
  4 bullfrog zombies
  8 crimson imps
  2 draconian simulacra (IceCv)
  5 jellies
  5 hounds
  14 orc priests
  6 bullfrog skeletons
  7 centaur skeletons
  2 iguanas
  Natasha (thrice) (D:4)
  22 orc wizards
  A spriggan simulacrum (IceCv)
  3 troll simulacra (IceCv)
  6 worker ants
  A howler monkey zombie (D:9)
  A worker ant zombie (D:5)
  Robin (D:4)
  14 adders
  4 gnolls (D:2)
  2 naga simulacra (IceCv)
  2 ogre simulacra (IceCv)
  3 shadow imps
  An adder skeleton (D:4)
  3 worms
  8 leopard geckos
  82 orcs
  6 giant cockroaches
  14 goblins
  15 hobgoblins
  15 jackals
  5 quokkas
  6 bats
  7 frilled lizards
  3 goblin skeletons (D:4)
  36 kobolds
  A kobold zombie (D:4)
  A leopard gecko skeleton (D:7)
  An orc skeleton (D:4)
  An orc zombie (D:4)
  8 rats
633 creatures vanquished.

Vanquished Creatures (collateral kills)
  A hydra (Lair:1)
  A porcupine (Lair:1)
  An orc (D:9)
3 creatures vanquished.

Vanquished Creatures (others)
  A bullfrog (Lair:3)
  An orc (D:11)
  A fungus (Lair:2)
  A plant (Lair:4)
4 creatures vanquished.

Grand Total: 640 creatures vanquished

Notes
Turn   | Place    | Note
-------+----------+-------------------------------------------
     0 | D:1      | Esekla the Vine Stalker Wizard began the quest for the Orb.
     0 | D:1      | Reached XP level 1. HP: 9/9 MP: 5/5
   217 | D:1      | Reached XP level 2. HP: 13/13 MP: 4/7
   221 | D:1      | Learned a level 2 spell: Blink
   738 | D:2      | Reached skill level 4 in Spellcasting
   778 | D:1      | Reached XP level 3. HP: 17/17 MP: 6/9
   783 | D:1      | Learned a level 3 spell: Mephitic Cloud
   787 | D:1      | Learned a level 3 spell: Conjure Flame
  2152 | D:2      | Found an ornate altar of the Wu Jian Council.
  2152 | D:2      | Found a shimmering altar of Xom.
  2162 | D:2      | Gained mutation: Your natural rate of healing is unusually
                  | fast. [Vine Stalker growth]
  2162 | D:2      | Reached XP level 4. HP: 14/21 MP: 3/11
  2180 | D:2      | Found a shadowy altar of Dithmenos.
  2391 | D:2      | Reached skill level 1 in Fighting
  2786 | D:3      | Reached skill level 1 in Air Magic
  2960 | D:3      | Reached XP level 5. HP: 11/25 MP: 2/12
  3873 | D:3      | Found a shattered altar of Ashenzari.
  3888 | D:3      | Reached skill level 1 in Poison Magic
  4221 | D:4      | Reached XP level 6. HP: 30/30 MP: 14/14
  4324 | D:4      | Noticed Robin
  4358 | D:4      | Killed Robin
  4604 | D:4      | Found Foedd's Elemental Accessories.
  4660 | D:4      | Noticed Blork the orc
  4675 | D:4      | Killed Blork the orc
  4675 | D:4      | Reached skill level 1 in Fire Magic
  4727 | D:4      | Found a glowing golden altar of the Shining One.
  4772 | D:4      | Reached skill level 1 in Polearms
  4772 | D:4      | Reached skill level 5 in Spellcasting
  4772 | D:4      | Reached XP level 7. HP: 35/35 MP: 9/15
  5019 | D:4      | Noticed Natasha
  5025 | D:4      | Killed Natasha
  5071 | D:4      | Found a stormy altar of Qazlal.
  5155 | D:4      | Learned a level 3 spell: Regeneration
  5208 | D:4      | Got a fine hunting sling
  5228 | D:4      | Identified the cursed +1 hunting sling of Paper {velocity,
                  | rElec Int+6 Dex-5} (You found it on level 4 of the Dungeon)
  5476 | D:4      | Noticed Natasha
  5504 | D:4      | Killed Natasha
  5586 | D:5      | Entered Level 5 of the Dungeon
  5706 | D:5      | Reached skill level 1 in Necromancy
  5750 | D:4      | Noticed Natasha
  5755 | D:4      | Killed Natasha
  5993 | D:5      | Gained mutation: You have razor-sharp teeth. [Vine Stalker
                  | growth]
  5993 | D:5      | Reached XP level 8. HP: 31/40 MP: 15/17
  6113 | D:5      | Reached skill level 1 in Short Blades
  6113 | D:5      | Reached skill level 1 in Charms
  6272 | D:5      | Found an opulent altar of Gozag.
  6634 | D:5      | Reached skill level 1 in Staves
  6916 | D:6      | Found a burning altar of Makhleb.
  7006 | D:6      | Reached skill level 1 in Throwing
  7006 | D:6      | Reached skill level 6 in Spellcasting
  7156 | D:7      | Reached XP level 9. HP: 44/44 MP: 16/19
  7396 | D:8      | Got a bloodstained robe
  7428 | D:8      | Identified the +0 robe of Quotry {MR+++ Int-4 Dex+6 Stlth+}
                  | (You found it on level 8 of the Dungeon)
  7765 | D:7      | Found a shimmering blue altar of Sif Muna.
  7811 | D:7      | Found a staircase to the Ecumenical Temple.
  7828 | Temple   | Entered the Ecumenical Temple
  7970 | Temple   | Became a worshipper of Vehumet
  8310 | D:8      | Found a snail-covered altar of Cheibriados.
  8558 | D:8      | Reached skill level 1 in Armour
  8602 | D:8      | Reached skill level 1 in Shields
  8634 | D:8      | Reached XP level 10. HP: 32/49 MP: 5/20
  8922 | D:9      | Found a burning altar of Makhleb.
  9397 | D:9      | Reached * piety under Vehumet
  9397 | D:9      | Offered knowledge of Shock by Vehumet.
  9471 | D:9      | Noticed a two-headed ogre
  9527 | D:9      | Killed a two-headed ogre
  9867 | D:8      | Found Toamic's General Store.
  9988 | D:8      | Reached skill level 7 in Spellcasting
 10072 | D:8      | Noticed a gargoyle
 10792 | D:8      | Got a vibrating copper ring
 10793 | D:8      | Identified the ring of Dory {+Blink rElec Str+5 Dex-5
                  | Slay+3} (You found it on level 8 of the Dungeon)
 10833 | D:8      | Noticed a red ugly thing
 10850 | D:8      | Noticed a spiny frog
 10860 | D:8      | Killed a red ugly thing
 10860 | D:8      | Reached skill level 5 in Conjurations
 10963 | D:8      | Noticed an unseen horror
 10976 | D:8      | Killed an unseen horror
 10976 | D:8      | Reached skill level 5 in Charms
 10976 | D:8      | Reached XP level 11. HP: 35/53 MP: 15/22
 11122 | D:10     | Entered Level 10 of the Dungeon
 11152 | D:10     | Reached ** piety under Vehumet
 11152 | D:10     | Offered knowledge of Throw Flame by Vehumet.
 11277 | D:10     | Noticed a two-headed ogre
 11303 | D:10     | Killed a two-headed ogre
 11683 | D:10     | Found a staircase to the Lair.
 11851 | Lair:1   | Entered Level 1 of the Lair of Beasts
 11851 | Lair:1   | Noticed a six-headed hydra
 11863 | D:11     | Found Xoifuty's Antique Weapon Emporium.
 11903 | D:11     | Noticed a six-headed hydra
 11976 | D:11     | Killed a six-headed hydra
 12188 | D:11     | Found Gonwur's Armour Shoppe.
 12456 | D:11     | Noticed Grum
 12479 | D:11     | Killed Grum
 12590 | D:11     | Offered knowledge of Inner Flame by Vehumet.
 12725 | D:11     | Reached skill level 5 in Air Magic
 12737 | D:11     | Reached *** piety under Vehumet
 12759 | D:11     | Found a staircase to the Orcish Mines.
 13019 | D:11     | Offered knowledge of Fulminant Prism by Vehumet.
 13284 | D:11     | Gained mutation: You heal very quickly. [Vine Stalker
                  | growth]
 13284 | D:11     | Reached XP level 12. HP: 54/58 MP: 24/24
 13300 | D:11     | Reached skill level 8 in Spellcasting
 13344 | D:11     | Found Azagg's Assorted Antiques.
 13352 | D:11     | Bought a scroll labeled SYUFEFUAPN for 26 gold pieces
 13352 | D:11     | Bought a scroll labeled XUSHRO ALIMYGOT for 26 gold pieces
 13352 | D:11     | Bought a pink potion for 23 gold pieces
 13352 | D:11     | Bought a dark potion for 23 gold pieces
 13422 | D:11     | Noticed a six-headed hydra
 13443 | D:11     | Killed a six-headed hydra
 13629 | D:12     | Found a sacrificial altar of Ru.
 13824 | D:12     | Reached **** piety under Vehumet
 13881 | D:12     | Noticed a two-headed ogre
 13894 | D:12     | Killed a two-headed ogre
 13894 | D:12     | Offered knowledge of Lightning Bolt by Vehumet.
 13894 | D:12     | Reached skill level 5 in Poison Magic
 13901 | D:12     | Learned a level 5 spell: Lightning Bolt
 14040 | D:12     | Got a brightly glowing spear
 14066 | D:12     | Learned a level 2 spell: Swiftness
 14116 | D:12     | Identified the cursed +3 spear "Sarcophage" {pierce, *Noise
                  | rPois Str-3 Dex+8} (You found it on level 12 of the
                  | Dungeon)
 14621 | D:12     | Learned a level 4 spell: Airstrike
 14687 | D:13     | Noticed a two-headed ogre
 14804 | D:13     | Noticed a centaur warrior
 14964 | D:13     | Killed a two-headed ogre
 15129 | D:13     | Found Rigogg's Book Emporium.
 15324 | D:13     | Found a runed translucent door.
 15325 | D:13     | Noticed an ettin
 15399 | D:13     | Killed an ettin
 15399 | D:13     | Reached ***** piety under Vehumet
 15399 | D:13     | Reached skill level 5 in Shields
 15529 | D:13     | Noticed a sphinx
 15529 | D:13     | Noticed a deep troll earth mage
 15538 | D:13     | Offered knowledge of Venom Bolt by Vehumet.
 15544 | D:13     | Paralysed by a sphinx for 6 turns
 15546 | D:13     | Killed a sphinx
 15546 | D:13     | Reached skill level 5 in Fighting
 15546 | D:13     | Reached skill level 9 in Spellcasting
 15546 | D:13     | Reached XP level 13. HP: 58/63 MP: 13/27
 15712 | D:13     | Reached skill level 5 in Armour
 16139 | D:13     | Found a gate to the Vaults.
 16375 | D:12     | Reached skill level 5 in Short Blades
 16510 | Orc:1    | Entered Level 1 of the Orcish Mines
 16562 | Orc:1    | Reached skill level 5 in Dodging
 16576 | Orc:1    | Found a roughly hewn altar of Beogh.
 16869 | Orc:1    | Found a frozen archway.
 16885 | IceCv    | Entered an ice cave
 17111 | IceCv    | Reached skill level 5 in Throwing
 18372 | IceCv    | Got a polished ring mail
 18420 | IceCv    | Identified the +1 ring mail of the Barber Surgeon {Str+4
                  | Stlth+} (You found it in an ice cave)
 18718 | D:8      | Bought the +6 buckler "Miluc" {Regen+} for 622 gold pieces
 18866 | D:11     | Bought a runed falchion for 156 gold pieces
 18866 | D:11     | Bought a scroll of identify for 52 gold pieces
 19383 | Orc:1    | Reached skill level 1 in Long Blades
 19475 | Orc:2    | Entered Level 2 of the Orcish Mines
 19475 | Orc:2    | Found a staircase to the Elven Halls.
 19677 | Orc:1    | Reached XP level 14. HP: 67/70 MP: 1/28
 19864 | Orc:2    | Found Dotow's Distillery.
 19873 | Orc:2    | Found Ahefeux's Magic Scroll Shop.
 19987 | Orc:2    | Reached skill level 10 in Spellcasting
 20004 | Orc:2    | Found Syathrea's General Store.
 20005 | Orc:2    | Found Lomah's Food Boutique.
 20145 | Orc:2    | Found Vawozel's Weapon Boutique.
 20298 | Orc:2    | Found a roughly hewn altar of Beogh.
 20408 | Orc:2    | Offered knowledge of Force Lance by Vehumet.
 20519 | Orc:2    | Found Ruhidwem's Antique Armour Shoppe.
 20519 | Orc:2    | Found a one-way gate leading to the halls of Pandemonium.
 20519 | Orc:2    | Found Fuwnoime's Book Emporium.
 20729 | Orc:2    | Found Diysueg's Gadget Shoppe.
 22093 | Lair:2   | Found a transporter.
 22106 | Lair:2   | Found a bloodstained altar of Trog.
 22131 | Lair:2   | Identified the +7 trident "Jaficaeng" {holy, *Slow +Inv
                  | Dex+4}
 22136 | Lair:2   | Noticed p0werm0de's ghost (journeyman DDFi)
 22142 | Lair:2   | Found a transporter.
 22209 | Lair:3   | Noticed Sonja
 22237 | Lair:3   | Found a staircase to the Swamp.
 22374 | Swamp:1  | Entered Level 1 of the Swamp
 22393 | Swamp:1  | Identified Sif Muna's Guide on Supportive Fire
 22541 | Lair:3   | Killed Sonja
 22586 | Lair:3   | Got a shimmering trident
 22595 | Lair:3   | Identified the +11 trident "Qestulo" {freeze, rPois Str+10
                  | Dex-4 Stlth-} (You found it on level 3 of the Lair of
                  | Beasts)
 22705 | Lair:3   | Reached skill level 5 in Fire Magic
 22805 | Lair:3   | Offered knowledge of Irradiate by Vehumet.
 22812 | Lair:3   | Learned a level 5 spell: Irradiate
 23075 | Lair:4   | Found a gate leading to a gauntlet.
 23168 | Gauntlet | Entered a Gauntlet
 23168 | Gauntlet | Found a transporter.
 23168 | Gauntlet | Found a transporter.
 23181 | Gauntlet | Found a transporter.
 23197 | Gauntlet | Found a transporter.
 23212 | Gauntlet | Found a transporter.
 23226 | Gauntlet | Found a transporter.
 23315 | Gauntlet | Found a transporter.
 23331 | Gauntlet | Found a transporter.
 23346 | Gauntlet | Found a transporter.
 23347 | Gauntlet | Found the +2 pair of boots of the Assassin {Detection Stab+
                  | Stlth++}
 23359 | Gauntlet | Found a transporter.
 23376 | Gauntlet | Found a transporter.
 23449 | Gauntlet | Found a transporter.
 23458 | Gauntlet | Found a transporter.
 23460 | Gauntlet | Found a transporter.
 23460 | Gauntlet | Found a transporter.
 23466 | Gauntlet | Found a transporter.
 23697 | Gauntlet | Noticed an ironheart preserver
 23697 | Gauntlet | Noticed an ironheart preserver
 23957 | Gauntlet | Identified the cursed +0 dagger "Kez Ram" {elec, *Drain rC+
                  | Dex+3}
 23978 | Gauntlet | Slain by a minotaur

Levels and vault maps discovered:
D:1:      minmay_arrival_four_circles, layout_basic
D:2:      layout_basic, chequers_temple_overflow_statue_of_worship, first_ration
D:3:      layout_loops_ring, cheibrodos_ashenzari_chains
D:4:      layout_loops_corners, old_standard_altar, nicolae_elemental_shop,
          nicolae_tso_besieged_by_evil, uniq_robin, uniq_natasha,
          uniq_blork_the_orc
D:5:      layout_basic, nicolae_gozag_cash_rules_everything_around_me,
          serial_glass, glass_columns_b, glass_columns_a
D:6:      layout_rooms, basic_altar, lexackson_kobold_supper
D:7:      layout_basic, minmay_temple_entry_tees, basic_altar, grunt_ogre_cave
D:8:      layout_cave_pools, cheibriados_altar_1, serial_shops, shop,
          minmay_evil_grid
D:9:      layout_stronghold, lemuel_crystal_altar
D:10:     layout_irregular_city, lair_entry_dummy
D:11:     layout_roguey, erik_orc_1, serial_shops, shop, shop,
          nicolae_shop_stone, special_room [special_room_kobold], uniq_grum
D:12:     layout_loops_ring, serial_glass, glass_columns_a, glass_columns_a,
          basic_altar, nooodl_orcs_dogs
D:13:     layout_cave_pods, hangedman_vaults_entry_quadrant_bands, serial_shops,
          kennysheep_mini, chequers_serial_rivers_marsh, minivault_13
Temple:   regret_index_temple_generic_petals
Lair:1:   layout_long_grid
Lair:2:   layout_big_grid, gammafunk_ghost_wrathful_warriors
Lair:3:   layout_gridlike, minmay_swamp_entry_eels, serial_bayou_shore_b,
          uniq_sonja
Lair:4:   layout_layer_cave, nicolae_spider_entry_orb_guardian,
          gauntlet_entry_generic
Swamp:1:  layout_falls_marsh, nicolae_swamp_orc_logging_accident
Orc:1:    nicolae_orc_accident_3, layout_diamond_mine, basic_altar,
          portal_ice_cave_rime
Orc:2:    pf_orc_diabolical, layout_caves, serial_shops, shop,
          nicolae_shop_trees, shop, shop, basic_altar
Gauntlet: gammafunk_gauntlet_branching [gammafunk_gauntlet_arena_grid,
          nicolae_gauntlet_arena_grate_2, gammafunk_gauntlet_arena_corners,
          nicolae_gauntlet_arena_quarters, nicolae_gauntlet_swirl,
          nicolae_gauntlet_arena_flowing_pool, gammafunk_gauntlet_arena_spirals,
          gammafunk_gauntlet_arena_split_diamond, gauntlet_exit_hidden_loot]

Skill      XL: |  1  2  3  4  5  6  7  8  9 10 11 12 13 14 |
---------------+-------------------------------------------+-----
Spellcasting   | 4 5 6 7 9 10 | 10.6
Fighting       | 1 2 3 4 5 6 7 |  7.7
Air Magic      | 1 2 4 5 |  5.8
Dodging        | 2 3 4 5 |  5.6
Poison Magic   | 1 2 3 4 6 7 |  7.0
Translocations | 2 3 |  3.3
Conjurations   | 2 3 4 5 6 7 |  7.2
Fire Magic     | 1 2 3 4 5 |  5.0
Polearms       | 1 2 3 |  3.9
Stealth        | 3 |  3.2
Necromancy     | 1 2 3 |  3.9
Short Blades   | 1 2 3 4 5 |  5.3
Charms         | 2 3 5 6 |  6.3
Staves         | 1 |  1.1
Throwing       | 1 2 3 4 5 |  5.9
Armour         | 1 2 3 4 5 |  5.2
Shields        | 1 3 4 5 6 7 |  7.2
Long Blades    | 1 4 |  4.9
Summonings     | |  1.0
Transmutations | |  0.7
Evocations     | |  0.8

Action                   |  1- 3 |  4- 6 |  7- 9 | 10-12 | 13-15 || total
-------------------------+-------+-------+-------+-------+-------++-------
Melee: Unarmed           |     3 |       |       |       |       ||     3
       Bite              |    14 |    23 |    89 |   162 |   269 ||   557
       Dagger            |    38 |    95 |   231 |   535 |   392 ||  1291
       Club              |     1 |       |       |       |       ||     1
       Trident           |       |   116 |    87 |   158 |    96 ||   457
       Staff             |       |       |    41 |       |       ||    41
       Falchion          |       |       |       |       |   496 ||   496
Throw: Dart              |       |     4 |    67 |   120 |   168 ||   359
       Boomerang         |       |       |       |    47 |    60 ||   107
       Javelin           |       |       |       |    13 |       ||    13
 Cast: Magic Dart        |    74 |    82 |    55 |    17 |       ||   228
       Blink             |     1 |     5 |    14 |    16 |    17 ||    53
       Mephitic Cloud    |     2 |     9 |    19 |    32 |    56 ||   118
       Conjure Flame     |       |    13 |     9 |    43 |    34 ||    99
       Regeneration      |       |       |       |     4 |    32 ||    36
       Lightning Bolt    |       |       |       |    11 |     1 ||    12
       Airstrike         |       |       |       |     4 |       ||     4
Evoke: Wand              |       |       |       |     4 |     8 ||    12
  Use: Scroll            |     3 |     2 |     3 |    19 |    15 ||    42
       Potion            |       |       |     2 |     1 |     1 ||     4
 Stab: Sleeping          |     3 |     5 |     9 |     5 |     3 ||    25
       Confused          |     1 |     3 |    12 |    21 |    21 ||    58
       Distracted        |       |       |       |     1 |       ||     1
  Eat: Chunk             |     3 |    10 |    14 |    17 |    16 ||    60
       Ration            |       |       |       |     3 |     4 ||     7
Armor: Robe              |     7 |    30 |    56 |       |       ||    93
       Leather armour    |       |       |    44 |    91 |       ||   135
       Troll leather arm |       |       |       |    16 |   192 ||   208
Dodge: Dodged            |    36 |   130 |   244 |   282 |   453 ||  1145
Block: Buckler           |       |       |    29 |   153 |   450 ||   632
       Rpst.: Falchion   |       |       |       |       |    77 ||    77
